 Dungeon Crawl Stone Soup version 0.28-a0-655-g4eb62b627b (webtiles) character file.

Game seed: 10430997706069670840

87 KoroneIsBestGirl the Firebug (level 4, -2/33 (39) HPs)
             Began as an Ogre Fire Elementalist on Oct 13, 2021.
             Killed from afar by a steam dragon (12 damage)
             ... with a ball of steam
             ... on level 3 of the Dungeon.
             The game lasted 00:04:25 (4737 turns).

KoroneIsBestGirl the Firebug (OgFE)                 Turns: 4737, Time: 00:04:26

HP:   -2/33 (39)    AC:  4    Str: 12    XL:     4   Next: 51%
MP:   5/8           EV: 10    Int: 17    God:
Gold: 97            SH:  0    Dex:  9    Spells: 8/9 levels left

rFire   . . .      SeeInvis .   e - +0 club
rCold   . . .      Faith    .   (no shield)
rNeg    . . .      Spirit   .   a - +1 robe
rPois   .          Reflect  .   (helmet restricted)
rElec   .          Harm     .   (no cloak)
rCorr   .          Rampage  .   (gloves unavailable)
Will    .....                   (boots unavailable)
Stlth   +.........              (no amulet)
HPRegen 0.11/turn               (no ring)
MPRegen 0.11/turn               (no ring)

@: heavily drained
A: large, unfitting armour, tough skin 1
a: no special abilities


You were on level 3 of the Dungeon.
You visited 1 branch of the dungeon, and saw 4 of its levels.

You collected 97 gold pieces.

Inventory:

Hand Weapons
 e - a +0 club (weapon)
Armour
 a - a +1 robe (worn)
Jewellery
 m - a ring of positive energy
Scrolls
 b - a scroll of enchant weapon {unknown}
 c - a scroll of vulnerability
 h - a scroll of summoning
 i - a scroll of noise {unknown}
 j - a scroll of enchant armour
 k - a scroll of fog {unknown}
Potions
 f - a potion of curing {unknown}
 g - 2 potions of haste {unknown}
 l - a potion of degeneration {unknown}


   Skills:
 - Level 1.0 Maces & Flails
 + Level 2.5 Dodging
 - Level 1.4 Stealth
 + Level 3.2 Spellcasting
 + Level 1.8 Conjurations
 + Level 3.2 Fire Magic


You had 8 spell levels left.
You knew the following spells:

 Your Spells              Type           Power      Damage    Failure   Level
a - Foxfire               Conj/Fire      44%        2x1d6     6%          1

Your spell library contained the following spells:

 Spells                   Type           Power      Damage    Failure   Level
 Scorch                   Fire           26%        2d6       7%          2
 Conjure Flame            Conj/Fire      11%        6-21      19%         3
 Inner Flame              Hex/Fire       8%         N/A       26%         3
 Frozen Ramparts          Ice            4%         1d2       45%         3
 Flame Wave               Conj/Fire      11%        3d4       52%         4
 Ice Form                 Ice/Tmut       2%         N/A       86%         4
 Summon Ice Beast         Ice/Summ       2%         N/A       86%         4


Dungeon Overview and Level Annotations

Branches:
Dungeon (4/15)
 Temple: D:4-7

Altars:
Okawaru


Innate Abilities, Weirdness & Mutations

You are too large for most types of armour.
You have tough skin. (AC +1)


Message History

You see here 26 stones.
There is a stone staircase leading down here.
You climb downwards.
There is a stone staircase leading up, spattered with blood here.
The steam dragon hisses angrily.
You climb upwards.
There is a stone staircase leading down here.
You climb downwards.
There is a stone staircase leading up, spattered with blood here.
The steam dragon barely misses you. The steam dragon claws you.
You climb upwards.
There is a stone staircase leading down here.
You conjure some foxfire!
The steam dragon barely misses you. The steam dragon claws you.
You conjure some foxfire!
The foxfire hits the steam dragon.
The steam dragon is lightly wounded.
The foxfire hits the steam dragon.
The steam dragon is lightly wounded.
The steam dragon bites you.
The steam dragon claws you but does no damage.
You conjure some foxfire!
The foxfire hits the steam dragon.
The steam dragon is lightly wounded.
The steam dragon breathes steam at you. The ball of steam hits you!
You are too injured to fight recklessly!
You are too injured to fight recklessly!
You are too injured to fight recklessly!
You are too injured to fight recklessly!
You hit the steam dragon but do no damage.
The steam dragon is lightly wounded.
You are engulfed in a cloud of scalding steam.
The foxfire hits the steam dragon.
The steam dragon is lightly wounded.
The foxfire hits the steam dragon.
The steam dragon is lightly wounded.
The foxfire hits the steam dragon.
The steam dragon is moderately wounded.
The steam dragon breathes steam at you. The ball of steam hits you!
You die...

..#####.###.##.#######.........#
............##.# ##...##.#...#
.##..##.######.#####...###.#####
###.......###........#.# #.##
....###........#####..># #..#
........#...##.#####..## ##.#
##########..##...##...# #.#
####### ##....§§§....# #.#
......# ###....@§(.### #.#
^.....####.....D.§#.# #.#
......##...######.#.# #.#
#.......<### #.#.#######.##
....####...######.....)##....#
##.## ###......#.####.......#
...# ######.#.## ####....# .###
#....# #...)#
.###############...## #....#


You could see a steam dragon (catching breath).

Vanquished Creatures
  3 adders
  An ufetubus (D:3)
  2 dart slugs
  10 ball pythons
  3 endoplasms
  4 giant cockroaches
  3 goblins
  5 hobgoblins
  6 kobolds
  2 quokkas (D:3)
  5 bats
  2 frilled lizards
  4 rats
50 creatures vanquished.

Vanquished Creatures (others)
  212 foxfires
212 creatures vanquished.

Grand Total: 262 creatures vanquished

Notes
Turn   | Place    | Note
-------+----------+-------------------------------------------
     0 | D:1      | KoroneIsBestGirl the Ogre Fire Elementalist began the quest
                  | for the Orb.
     0 | D:1      | Reached XP level 1. HP: 16/16 MP: 3/3
    57 | D:1      | Reached skill level 1 in Conjurations
   184 | D:1      | Reached XP level 2. HP: 24/24 MP: 2/5
   812 | D:1      | Reached XP level 3. HP: 31/31 MP: 4/7
  1153 | D:2      | Found an iron altar of Okawaru.
  1727 | D:2      | Found a faded altar of an unknown god.
  2312 | D:3      | Reached XP level 4. HP: 39/39 MP: 4/8
  2407 | D:3      | Reached skill level 1 in Maces & Flails
  4016 | D:4      | Noticed an ogre
  4016 | D:4      | Noticed a steam dragon
  4737 | D:3      | Killed from afar by a steam dragon

Illustrated notes

Levels and vault maps discovered:
D:1:      lightli_arrival_lavapool, layout_loops_ring
D:2:      layout_rooms, basic_altar, shapermc_ecumenical_altar_starsandcircs,
          hex_tiny
D:3:      layout_rooms
D:4:      layout_rooms, lemuel_coloured_pillars_altar, hangedman_decor_riveting,
          kennysheep_pointless_box, kennysheep_crisscross, minmay_diced_spiral

Skill      XL: |  1  2  3  4 |
---------------+-------------+-----
Conjurations   | 1 |  1.8
Dodging        | 2 |  2.5
Fire Magic     | 3 |  3.2
Spellcasting   | 3 |  3.2
Maces & Flails | 1 |  1.0
Stealth        | |  1.4

Action                   |  1- 3 |  4- 6 || total
-------------------------+-------+-------++-------
Melee: Unarmed           |     1 |       ||     1
       Club              |    35 |    13 ||    48
 Cast: Foxfire           |    86 |    38 ||   124
  Use: Scroll            |       |     6 ||     6
Armor: Robe              |    20 |     3 ||    23
Dodge: Dodged            |    35 |     9 ||    44

Table legend: (Time is in decaauts)
 A = Elapsed time spent in this place.
 B = Non-inter-level travel time spent in this place.
 C = Inter-level travel time spent in this place.
 D = Time resting spent in this place.
 E = Time spent auto-exploring this place.
 F = Levels seen in this place.
 G = Mean time per level.
                   A        B        C        D        E       F      G
               +--------+--------+--------+--------+--------+-----+--------+
         Total |   4752 |   4677 |     75 |   1736 |   2554 |   4 | 1188.0 |
       Dungeon |   4752 |   4677 |     75 |   1736 |   2554 |   4 | 1188.0 |
               +--------+--------+--------+--------+--------+-----+--------+

Top non-repeatable levels by time:
     D:3: 2676 daAuts
     D:1: 1156 daAuts
     D:2: 896 daAuts
     D:4: 23 daAuts
